AoeStats
← Marak

Arena

510459711Analyzed
4v4 RM · 2d ago on Oct 1, 2026· 42m 13s· 8 players
Game mode
Random Map
Map size
Large (8 player)
Population
200
Speed
Normal
Resources
Standard
Victory
Conquest
Starting age
Dark Age
Ending age
Imperial Age
RankedLock teamsTeams togetherTeam positionsShared explorationLock speedFull tech treeHidden civsTurbo modeCheats
Victory
Defeat
🇦🇺 Franks · Australia
955
+13
🇨🇳 Turks · China
953
+13
🇦🇷 Dravidians · Argentina
932
+14
🇴🇲 Britons · Oman
776
+22
🇪🇸 Mongols · Spain
951
-18
🇲🇽 Saxons · Mexico
874
-15
🇨🇴 Slavs · Colombia
867
-14
🇹🇷 Bulgarians · Türkiye
842
-13
TenPacificNW
11:13 Feudal Age
11:32 Loom
12:25 Double-Bit Axe
19:35 Castle Age
18:21 Arson
21:07 Squires
21:46 Wheelbarrow
20:57 Town Watch
21:18 Horse Collar
21:53 Bow Saw
27:09 Heavy Plow
29:10 Husbandry
31:32 Scale Barding Armor
31:37 Forging
31:29 Scale Mail Armor
37:39 Imperial Age
35:59 Hand Cart
36:26 Pikeman
RAOV
11:21 Feudal Age
9:36 Loom
17:06 Castle Age
16:45 Loom
17:32 Pikeman
18:13 Squires
19:58 Forging
19:49 Scale Mail Armor
19:55 Scale Barding Armor
25:26 Detinets
25:27 Double-Bit Axe
25:25 Horse Collar
25:52 Scale Barding Armor
27:30 Bow Saw
30:43 Chain Barding Armor
29:57 Light Cavalry
30:47 Bloodlines
32:07 Bloodlines
33:23 Heavy Plow
33:56 Husbandry
43:22 Imperial Age
OvertChunk95
12:52 Feudal Age
11:08 Loom
17:17 Castle Age
15:17 Double-Bit Axe
16:12 Horse Collar
19:35 Wheelbarrow
26:47 Heavy Plow
26:46 Gold Mining
28:31 Gold Shaft Mining
29:06 Stone Mining
32:27 Imperial Age
29:44 Town Watch
30:57 Fletching
31:07 Padded Archer Armor
32:14 Hand Cart
32:31 Bodkin Arrow
32:59 Leather Archer Armor
33:26 Bow Saw
33:20 Bracer
34:15 Conscription
35:48 Ballistics
35:39 Fortified Wall
35:53 Ballistics
35:39 Husbandry
35:50 Bloodlines
36:11 Parthian Tactics
35:52 Thumb Ring
37:26 Chemistry
36:14 Heavy Cavalry Archer
39:31 Elite Skirmisher
MHPL
0:28 Loom
11:57 Feudal Age
12:37 Double-Bit Axe
12:39 Horse Collar
18:55 Castle Age
17:42 Gold Mining
17:43 Stone Mining
20:48 Wheelbarrow
19:58 Town Watch
31:38 Imperial Age
29:30 Bow Saw
32:12 Hand Cart
31:59 Town Patrol
34:10 Pikeman
34:50 Squires
34:36 Arson
XeneizE
0:31 Loom
12:28 Feudal Age
13:32 Horse Collar
16:32 Castle Age
15:26 Double-Bit Axe
20:29 Bow Saw
23:55 Heavy Plow
25:27 Gold Mining
25:32 Pikeman
27:41 Ballistics
27:21 Fletching
27:32 Padded Archer Armor
28:26 Elite Skirmisher
30:09 Wheelbarrow
29:21 Town Watch
30:07 Masonry
32:20 Bodkin Arrow
32:40 Leather Archer Armor
37:37 Imperial Age
35:25 Hand Cart
36:08 Town Patrol
38:26 Stone Mining
38:50 Bracer
39:21 Ring Archer Armor
39:56 Chemistry
40:07 Elite Elephant Archer
Naruto
1:20 Loom
12:21 Feudal Age
13:54 Double-Bit Axe
16:27 Castle Age
14:21 Horse Collar
17:49 Bow Saw
17:42 Heavy Plow
18:23 Wheelbarrow
24:50 Gold Mining
28:41 Imperial Age
26:14 Stone Mining
27:00 Gold Shaft Mining
26:58 Hand Cart
28:28 Caravan
28:19 Fletching
28:29 Padded Archer Armor
29:05 Bodkin Arrow
29:36 Ballistics
30:58 Two-Man Saw
31:01 Conscription
31:03 Yeomen
31:10 Yeomen
32:18 Hoardings
31:11 Elite Longbowman
35:09 Warwolf
35:43 Bracer
35:59 Leather Archer Armor
36:46 Chemistry
36:08 Pikeman
36:49 Squires
Marak
10:36 Feudal Age
15:09 Castle Age
14:44 Double-Bit Axe
23:08 Fortified Wall
26:43 Scale Barding Armor
30:08 Imperial Age
28:26 Bow Saw
30:40 Husbandry
31:03 Chain Barding Armor
30:55 Forging
30:38 Cavalier
34:27 Wheelbarrow
33:38 Loom
36:12 Iron Casting
36:13 Plate Barding Armor
36:20 Paladin
38:06 Blast Furnace
39:34 Gold Mining
lynavy
12:27 Feudal Age
14:28 Gold Mining
14:27 Double-Bit Axe
17:03 Castle Age
22:35 Imperial Age
20:13 Fletching
20:54 Ballistics
21:20 Padded Archer Armor
23:03 Leather Archer Armor
23:00 Squires
25:36 Fortified Wall
36:04 Wheelbarrow
37:34 Thumb Ring
Connection lost

Rejoining the realm…

Still unreachable

The connection could not be restored.

Session expired

The server has moved on; the page needs a fresh start.